 Dungeon Crawl Stone Soup version 0.18.1-8-gdd0e5ea (webtiles) character file.

76 Metae the Shooter (level 4, -4/29 HPs)
             Began as a High Elf Hunter on June 3, 2016.
             Was a Follower of Zin.
             Slain by Grinder (9 damage)
             ... on level 3 of the Dungeon.
             The game lasted 00:22:18 (2495 turns).

Metae the Shooter (High Elf Hunter)                 Turns: 2495, Time: 00:22:19

Health: -4/29      AC:  4    Str: 16    XL:     4   Next: 12%
Magic:  5/5        EV: 12    Int: 15    God:    Zin [*.....]
Gold:   104        SH:  0    Dex: 16    Spells: 0 memorised, 3 levels left

rFire  + . .     SeeInvis .     a - +1 shortbow
rCold  x . .     Gourm    .     c - +0 leather armour
rNeg   . . .     Faith    .     (shield currently unavailable)
rPois  .         Spirit   .     (no helmet)
rElec  .         Dismiss  .     j - +0 cloak
rCorr  .         Reflect  .     (no gloves)
SustAt .         Harm     .     (no boots)
MR     .....                    A - amulet of rage
Stlth  ++........               w - +5 ring of strength
                                e - ring of fire

@: about to teleport, not resistant to hostile enchantments, unstealthy
A: no striking features
a: Recite, Donate Gold, Renounce Religion, Evoke Berserk Rage


You were on level 3 of the Dungeon.
You worshipped Zin.
Zin was aware of your devotion.
You were not hungry.

You visited 1 branch of the dungeon, and saw 3 of its levels.

You collected 115 gold pieces.
You donated 11 gold pieces to Zin.

Inventory:

Hand Weapons
 a - a +1 shortbow (weapon)
 b - a +0 short sword
Missiles
 d - 32 arrows (quivered)
 f - 2 needles of sleeping
 o - 6 tomahawks
 s - 33 bolts
Armour
 c - a +0 leather armour (worn)
 j - a +0 cloak (worn)
 u - a +0 ring mail
Jewellery
 e - a ring of fire (left hand)
 g - an uncursed ring of teleportation
 w - a +5 ring of strength (right hand)
 A - an amulet of rage (around neck)
Scrolls
 k - 5 scrolls of identify
 l - a scroll of amnesia {unknown}
 n - a scroll of remove curse
 q - a scroll of noise {unknown}
 t - 2 scrolls of teleportation
 v - a scroll of fear {unknown}
 y - a scroll of magic mapping {unknown}
Potions
 h - a potion of mutation {unknown}
 i - a potion of agility {unknown}
 p - a potion of cancellation {unknown}
 r - a potion of flight {unknown}
 x - 2 potions of curing {unknown}
Comestibles
 m - a fruit
 z - 2 meat rations
 B - a chunk of flesh


   Skills:
 + Level 2.0 Fighting
 + Level 7.2 Bows
 + Level 1.0 Armour
 + Level 2.3 Dodging
 + Level 1.1 Stealth
 + Level 0.0 Evocations


You had 3 spell levels left.
You didn't know any spells.

Dungeon Overview and Level Annotations

Branches:
Dungeon (3/15)

Altars:
Ru
Zin

Shops:
D:2 *

Annotations:
D:3 Grinder, Robin


Message History

Grinder is moderately wounded.
Firing (i - inventory. (,) - cycle):
d - 33 arrows (quivered)
Press: ? - help, Shift-Dir - straight line, f/p - Grinder
Aim: Grinder (moderately wounded)
You shoot an arrow. The arrow barely misses Grinder.
Grinder gestures at you.
You suddenly lose the ability to move!
Grinder hits you.
You writhe in agony.
Grinder gestures at you.
You shrug off the repeated paralysis!
Grinder hits you.
You writhe in agony.
Grinder hits you.
* * * LOW HITPOINT WARNING * * *
You writhe in agony.
* * * LOW HITPOINT WARNING * * *
You can move again.
As you read the scroll labeled KIFIUCWORUX, it crumbles to dust.
You feel strangely unstable.
It was a scroll of teleportation.
Grinder hits you!
You die...

#.#
####....
#.# #####
#.# #.#
#######
#.##.>.....
#..#.......
##.#.......
#.#.>...:.
#@5(....(.
##........
#..#####$
##.# .# .#
.# .. ##


You could see Grinder.

Vanquished Creatures
  3 adders (D:2)
  A dart slug (D:1)
  A giant gecko (D:2)
  3 bats
  3 giant cockroaches (D:2)
  9 goblins
  6 hobgoblins
  3 quokkas (D:2)
  4 giant newts
  3 kobolds
  8 rats
44 creatures vanquished.

Notes
Turn   | Place    | Note
--------------------------------------------------------------
     0 | D:1      | Metae the High Elf Hunter began the quest for the Orb.
     0 | D:1      | Reached XP level 1. HP: 14/14 MP: 2/2
   276 | D:1      | Reached XP level 2. HP: 17/19 MP: 3/3
   459 | D:1      | Reached skill level 6 in Bows
  1049 | D:2      | Reached XP level 3. HP: 24/24 MP: 4/4
  1517 | D:2      | Found a sacrificial altar of Ru.
  1620 | D:2      | Reached skill level 1 in Armour
  1676 | D:2      | Found Zin's Purification Station.
  1683 | D:2      | Found a glowing silver altar of Zin.
  2131 | D:2      | Became a worshipper of Zin the Law-Giver
  2131 | D:2      | Reached * piety under Zin
  2291 | D:3      | Reached skill level 7 in Bows
  2334 | D:3      | Reached XP level 4. HP: 29/29 MP: 5/5
  2339 | D:3      | Noticed Robin
  2486 | D:3      | Noticed Grinder
  2490 | D:3      | Paralysed by Grinder for 5 turns
  2495 | D:3      | Slain by Grinder

Skill      XL: |  1  2  3 |
---------------+----------+-----
Bows           | 6 7 |  7.2
Armour         | 1 |  1.0
Fighting       | |  2.0
Dodging        | |  2.3
Stealth        | |  1.1

Action                   |  1- 3 |  4- 6 || total
-------------------------+-------+-------++-------
 Fire: Shortbow          |    97 |    18 ||   115
  Use: Scroll            |     4 |     1 ||     5
  Eat: Fruit             |     3 |       ||     3
       Bread ration      |     1 |       ||     1
Armor: Leather armour    |     6 |     1 ||     7
Dodge: Dodged            |    31 |     1 ||    32
